Workbook
Name Menu: Totals!$C$103:$C$105

Sheet Funds Requested
C2: Maurice D. Hinchey Hudson River Valley National Heritage Area
C3: Sponsorship Application Budget Request
C5: Fill in the vendor or equipment/supply name, purpose and amount you are requesting here. The more detail we have, the less likely we will need to ask for a revised budget.
C6: If a sponsorship is awarded for an amount that differs from your application, we may ask you to provide an updated budget.
C7: If awarded, and after the completion of your event, you will have to complete a Final Expense Report which will be made available to you on the online grant platform.
C9: Funds Requested
D11: Contractual/Professional Services Vendor Name (Your municipal/organization staff salaries not allowed) | E11: Purpose/Description of service or expense | F11: Amounts
C12: Vendor or Service> | G12: <Fill in
C13: Vendor or Service> | G13: <Fill in
C14: Vendor or Service> | G14: <Fill in
C15: Vendor or Service> | G15: <Fill in
C16: Vendor or Service> | G16: <Fill in
C17: Vendor or Service> | G17: <Fill in
C18: Vendor or Service> | G18: <Fill in
D19: Sub-Total Contractual/Professional Services* | F19: =SUM(F12:F18) -> 0 | G19: <Will auto-total
D21: Equipment/Supplies/Materials | E21: Purpose/Description of service or expense | F21: Amounts
C22: Specify Item> | G22: <Fill in
C23: Specify Item> | G23: <Fill in
C24: Specify Item> | G24: <Fill in
C25: Specify Item> | G25: <Fill in
C26: Specify Item> | G26: <Fill in
C27: Specify Item> | G27: <Fill in
C28: Specify Item> | G28: <Fill in
D29: Sub-Total Equipment/Supplies/Materials* | F29: =SUM(F22:F28) -> 0 | G29: <Will auto-total
D32: Total Funds Requested* | F32: =F19+F29 -> 0 | G32: <Will auto-total
D34: *Will automatically transfer to the correct location on Totals tab.

Sheet Match
C2: Your Match
C4: Use this sheet to document matching funds and in-kind.
C5: 50/50 match required, can be cash expenses or in-kind volunteer hours.
C6: Note: Federal funds cannot be used as match.
D7: Contractual/Professional Services Vendors | F7: Amounts
C8: Vendor or Service> | G8: <Fill in
C9: Vendor or Service> | G9: <Fill in
C10: Vendor or Service> | G10: <Fill in
C11: Vendor or Service> | G11: <Fill in
C12: Vendor or Service> | G12: <Fill in
C13: Vendor or Service> | G13: <Fill in
C14: Vendor or Service> | G14: <Fill in
D15: Sub-Total Contractual/Professional Services* | F15: =SUM(F8:F14) -> 0 | G15: <Will auto-total
D17: Equipment/Supplies/Materials | F17: Amounts
C18: Specify Item> | G18: <Fill in
C19: Specify Item> | G19: <Fill in
C20: Specify Item> | G20: <Fill in
C21: Specify Item> | G21: <Fill in
C22: Specify Item> | G22: <Fill in
C23: Specify Item> | G23: <Fill in
C24: Specify Item> | G24: <Fill in
D25: Sub-Total Equipment/Supplies/Materials* | F25: =SUM(F18:F24) -> 0 | G25: <Will auto-total
D26: *Will automatically transfer to the correct location on Totals tab.
D29: In-Kind Services (Show staff time involved with the program here)
C30: Volunteer Hours | D30: 2025 NYS rate per IndependentSector.org: | E30: 38.48
D31: Total Hours> | E31: 0 | F31: <Fill in general hours
E32: =E31*E30 -> 0 | F32: <Will auto-total
D33: In-Kind Services* | F33: =E32 -> 0 | G33: <Will auto-total
D34: Total Match* | F34: =F15+F25+F33 -> 0 | G34: <Will auto-total
D35: *Will automatically transfer to the correct location on Totals tab.
C45: In-hand
C46: Applied for
C47: Not secured

Sheet Final Report
B2: Sponsorship Final Expenses Report
C3: Payee:
C4: Address:
C5: City, State, ZIP:
C7: Event Name:
C8: Please enter the actual attendance at your event.
C9: Attendance:
C11: Please enter in the two boxes below the number of volunteers and the number of hours that involved with the event/program.
C13: Number of Volunteers:
C14: All Volunteer Hours:
C15: Value of Volunteer Hours: | D15: =D14*Match!E30 -> 0
C17: Use this worksheet to document actual costs incurred AFTER your event is over.
C18: Enter numbers only. If no expenses were incurred on a line, enter $0.
C19: You must attach receipts that total at least the amount listed here.
C21: Amount Awarded
D23: Sponsorship Amounts | E23: Match
C24: Contractual/Professional
C25: Equipment/Supplies/Materials
C26: In-kind | D26: N/A | E26: =D15 -> 0
D27: =+D24+D25 -> 0 | E27: =SUM(E24:E26) -> 0

Sheet Totals
C2: Maurice D. Hinchey Hudson River Valley National Heritage Area
C3: Sponsorship Application Budget Request
C5: The math is done for you! Numbers entered in any other tab automatically total here. You cannot enter anything on this page.
C7: Event Costs | D7: Funds Requested | E7: Match | F7: Final Report
C8: Contractual/Professional* | D8: ='Funds Requested'!F19 -> 0 | E8: =Match!F15 -> 0 | F8: ='Final Report'!D24 -> 0
C9: Equipment/Supplies/Materials* | D9: ='Funds Requested'!F29 -> 0 | E9: =Match!F25 -> 0 | F9: ='Final Report'!D25 -> 0
C10: In-kind* | D10: N/A | E10: =Match!F33 -> 0 | F10: ='Final Report'!E26 -> 0
C11: Totals* | D11: =SUM(D8:D10) -> 0 | E11: =SUM(E8:E10) -> 0 | F11: =SUM(F8:F10) -> 0
D13: Total Requested
C14: *Will automatically total from respective worksheet
C103: In-Hand
C104: Applied for
C105: Not Secured
